 Dungeon Crawl Stone Soup version 0.31-a0-431-g88bdf31460 (webtiles) character file.

Game seed: 1864727810038363505

2583 Newt the Skirmisher (level 9, -2/57 HPs)
             Began as a Kobold Hunter on July 31, 2023.
             Was an Initiate of Hepliaklqana.
             Slain by a vampire
             ... wielding a +2 vampiric glaive
              (19 damage)
             ... in a bailey.
             The game lasted 00:05:39 (4952 turns).

Newt the Skirmisher (Kobold Hunter)                 Turns: 4952, Time: 00:05:39

Health: -2/57      AC:  4    Str:  5    XL:     9   Next: 88%
Magic:  9/9        EV: 15    Int: 11    God:    Hepliaklqana [......]
Gold:   242        SH: 12    Dex: 26    Spells: 8/8 levels left

rFire   . . .        q - +10 sling of Zosuits {freeze, Will+ Str-3 Dex+4}
rCold   . . .        u - +0 kite shield
rNeg    . . .        c - +0 leather armour
rPois   .            (no helmet)
rElec   .            n - +0 cloak
rCorr   .            (no gloves)
SInv    .            (no boots)
Will    +....        (no amulet)
Stlth   +++          (no ring)
HPRegen 0.29/turn    (no ring)
MPRegen 0.11/turn

%: no passive effects
@: no status effects
A: small, no large weapons, nightstalker 3
a: Renounce Religion


You were in a bailey.
You worshipped Hepliaklqana.
Hepliaklqana was noncommittal.
You visited 2 branches of the dungeon, and saw 7 of its levels.
You also visited: Bailey.

You collected 242 gold pieces.

Inventory:

Hand Weapons
 a - a +1 shortbow
 q - the +10 sling of Zosuits (weapon) {freeze, Will+ Str-3 Dex+4}
   (You took it off a goblin on level 4 of the Dungeon)

   Str:       It affects your strength (-3).
   Dex:       It affects your dexterity (+4).
   Will:      It increases your willpower.
Armour
 c - a +0 leather armour (worn)
 n - a +0 cloak (worn)
 o - the scarf "Oheicil" {shadows, Str+3}
   (You found it on level 3 of the Dungeon)

   Str:       It affects your strength (+3).
 u - a +0 kite shield (worn)
Jewellery
 d - an amulet of magic regeneration
 h - a ring of fire
Wands
 k - a wand of digging (5)
 s - a wand of charming (6)
Potions
 b - a potion of heal wounds
 e - a potion of lignification
 f - a potion of attraction
 g - a potion of berserk rage
 l - a potion of resistance {unknown}
 m - a potion of enlightenment {unknown}
 p - a potion of haste


   Skills:
 - Level 7.0 Fighting
 + Level 11.7 Ranged Weapons
 - Level 6.0 Dodging
 - Level 1.3 Stealth
 - Level 5.0 Shields


You had 8 spell levels left.
You didn't know any spells.
Your spell library contained the following spells:

 Spells                   Type           Power      Damage    Failure   Level
 Scorch                   Fire           0%         2d5       100%        2
 Flame Wave               Conj/Fire      0%         2d4       100%        4
 Summon Cactus Giant      Summ           0%         N/A       100%        6


Dungeon Overview and Level Annotations

Branches:
Dungeon (8/15)             Temple (1/1) D:4          Bailey (1/1)
   Lair: D:8-11

Altars:
Ashenzari
Cheibriados
Fedhas
Gozag
Hepliaklqana
Makhleb
Okawaru
Qazlal
Ru
Sif Muna
Trog
The Shining One


Innate Abilities, Weirdness & Mutations

You are small and have problems with some larger weapons.
You are completely attuned to the shadows.


Message History

You're too confused to move!
Something hits you!
You feel less confused. You block something's attack.
There is an open door here.
There is an open door here.
You close the door.
Something unseen breaks down the door.
Something hits you!
You shoot a sling bullet. The sling bullet hits the vampire.
The sling bullet freezes the vampire.
The vampire is lightly damaged.
You block the vampire's attack.
You shoot a sling bullet. The sling bullet hits the vampire!
The sling bullet freezes the vampire.
The vampire is heavily damaged.
The vampire casts a spell.
The vampire flickers and vanishes!
No target in view!
There is an open door, spattered with blood here.
There is an open door here.
You open the door. Something hits you.
There is an open door here.
You close the door.
Something unseen opens the door.
You block something's attack.
You hear some strange, mumbled words.
Something tries to affect you, but you resist.
You shoot a sling bullet. Something barely misses you.
You shoot a sling bullet. Something hits you!
You hear some strange, mumbled words.
Something tries to affect you, but you resist.
You are too injured to fight recklessly!
Something hits you!
* * * LOW HITPOINT WARNING * * *
A vampire appears from thin air!
Reactivating autopickup.
The vampire mumbles some strange words.
The vampire flickers and vanishes!
Deactivating autopickup; reactivate with Ctrl-A.
Something hits you!!
You die...

8..#..)............').#
.8.#...............#).#
...#'####.♣........##'###
8..#....#.♣.........#))÷#
...#..).#..♣........#...#
#'##'#..#...........#..)#
#....#..#...........#####
#....####...#)..♣.♣..#
#....'...)####..@....#
#....'...##..##.....8#
#....#...#....#########
#....#...............8#
###+#......#.).......#
#8....##)..##''###
#######...##....##
#8.......##......#
#8.......#...##...#


There were no monsters in sight!

Vanquished Creatures
  A gargoyle (Bailey)
  Sigmund (D:2)
  A wyvern (D:7)
  Edmund (D:4)
  Duvessa (D:4)
  An ice beast (D:7)
  An orc warrior (D:7)
  A sky beast (D:7)
  A black bear (D:4)
  2 bullfrogs (D:7)
  3 wights (D:7)
  Dowan (D:4)
  10 vampire bats (Bailey)
  4 wolf zombies (Bailey)
  2 howler monkeys (D:7)
  2 jellies (D:7)
  A hound (D:4)
  2 orc priests (D:4)
  An iguana (D:4)
  2 orc wizards (D:7)
  3 gnolls (D:7)
  5 adders
  3 river rats (D:7)
  A white imp (D:7)
  A worm (D:4)
  A dart slug (D:3)
  11 orcs
  5 endoplasms
  2 giant cockroaches
  12 goblins
  5 hobgoblins
  2 jackals (D:4)
  4 quokkas
  4 ball pythons
  5 bats
  4 frilled lizards
  5 kobolds
  15 orc zombies (Bailey)
  6 rats
133 creatures vanquished.

Notes
Turn   | Place    | Note
-------+----------+-------------------------------------------
     0 | D:1      | Newt the Kobold Hunter began the quest for the Orb.
     0 | D:1      | Reached XP level 1. HP: 12/12 MP: 1/1
   236 | D:1      | Reached XP level 2. HP: 18/18 MP: 2/2
   737 | D:2      | Reached XP level 3. HP: 14/24 MP: 3/3
   830 | D:2      | Found a faded altar of an unknown god.
   928 | D:2      | Noticed Sigmund
   933 | D:2      | Killed Sigmund
   934 | D:2      | Reached skill level 5 in Fighting
   934 | D:2      | Reached skill level 7 in Ranged Weapons
   934 | D:2      | Reached XP level 4. HP: 27/31 MP: 4/4
   934 | D:2      | Reached XP level 5. HP: 31/35 MP: 5/5
  1003 | D:2      | Reached XP level 6. HP: 36/40 MP: 6/6
  1561 | D:3      | Identified the scarf "Oheicil" {shadows, Str+3}
  2402 | D:4      | Noticed Edmund
  2420 | D:4      | Killed Edmund
  2421 | D:4      | Reached skill level 8 in Ranged Weapons
  2440 | D:4      | Reached XP level 7. HP: 16/44 MP: 7/7
  2455 | D:4      | Reached skill level 9 in Ranged Weapons
  2616 | D:4      | Identified the +10 sling of Zosuits {freeze, Will+ Str-3
                  | Dex+4}
  2706 | D:4      | Found a staircase to the Ecumenical Temple.
  2784 | Temple   | Entered the Ecumenical Temple
  2799 | Temple   | Became a worshipper of Hepliaklqana the Forgotten
  2950 | D:4      | Reached skill level 10 in Ranged Weapons
  3006 | D:4      | Noticed Dowan
  3006 | D:4      | Noticed Duvessa
  3015 | D:4      | Killed Duvessa
  3017 | D:4      | Killed Dowan
  3018 | D:4      | Reached XP level 8. HP: 15/49 MP: 8/8
  3721 | D:4      | Found an iron altar of Okawaru.
  3776 | D:4      | You fall into a shaft and drop 3 floors!
  3799 | D:7      | Reached skill level 5 in Dodging
  3861 | D:7      | Reached skill level 1 in Shields
  3970 | D:7      | Noticed a wyvern
  3979 | D:7      | Killed a wyvern
  3980 | D:7      | Reached XP level 9. HP: 7/54 MP: 9/9
  3990 | D:7      | Reached skill level 5 in Shields
  4387 | D:8      | Found a flagged portal.
  4406 | Bailey   | Entered a bailey
  4480 | Bailey   | Identified the +4 trident "Maimuij" {freeze, Str+3}
  4756 | Bailey   | Reached skill level 11 in Ranged Weapons
  4808 | Bailey   | Noticed a gargoyle
  4816 | Bailey   | Killed a gargoyle
  4952 | Bailey   | Slain by a vampire

Illustrated notes

Levels and vault maps discovered:
D:1:      wheals_arrival_shading, layout_basic, minmay_tree_intersection
D:2:      layout_rooms, shapermc_ecumenical_altar_gd, uniq_sigmund
D:3:      layout_basic, serial_aquarium, aquarium_bridge_square
          [aquarium_subvault_bridge, aquarium_subvault_balcony,
          aquarium_subvault_window, aquarium_subvault_wall],
          aquarium_bridge_straight [aquarium_subvault_bridge,
          aquarium_subvault_balcony, aquarium_subvault_bridge,
          aquarium_subvault_wall], aquarium_window_fake, aquarium_window_2,
          aquarium_window_3, aquarium_view_2d, aquarium_balcony_3b,
          aquarium_pool_four, minmay_misc_feat_five,
          minmay_randomly_rotated_circles
D:4:      layout_basic, mainiacjoe_overflow_big_doors,
          minmay_temple_entry_fiery, uniq_edmund, uniq_duvessa
D:7:      wad_woods_stonehenge, layout_loops_cross,
          mainiacjoe_overflow_concentric_impassable
D:8:      layout_gridville, overflow_temple_1_default, enter_bailey_3,
          nicolae_shop_vocational, uniq_prince_ribbit1, uniq_psyche
Temple:   nicolae_temple_bog_church
Bailey:   bailey_polearm_vampire_castle_hellmonk, bailey

Skill      XL: |  1  2  3  4  5  6  7  8  9 |
---------------+----------------------------+-----
Fighting       | 3 5 7 |  7.0
Ranged Weapons | 7 8 10 11 | 11.7
Dodging        | 4 6 |  6.0
Shields        | 4 5 |  5.0
Stealth        | |  1.3

Action                     |  1- 3 |  4- 6 |  7- 9 || total
---------------------------+-------+-------+-------++-------
   Fire: Shortbow          |    58 |    77 |    30 ||   165
         Sling             |       |       |   214 ||   214
    Use: Scroll            |     3 |     4 |     3 ||    10
         Potion            |     2 |     1 |     3 ||     6
 Armour: Leather armour    |     2 |     7 |    21 ||    30
  Dodge: Dodged            |    19 |    32 |    98 ||   149
  Block: Kite shield       |       |       |    99 ||    99

Table legend: (Time is in decaauts)
 A = Elapsed time spent in this place.
 B = Non-inter-level travel time spent in this place.
 C = Inter-level travel time spent in this place.
 D = Time resting spent in this place.
 E = Time spent auto-exploring this place.
 F = Levels seen in this place.
 G = Mean time per level.
                   A        B        C        D        E       F      G
               +--------+--------+--------+--------+--------+-----+--------+
         Total |   5006 |   4877 |    129 |    897 |   3157 |   8 |  625.8 |
       Dungeon |   4399 |   4301 |     98 |    897 |   2814 |   6 |  733.2 |
        Temple |     31 |      1 |     30 |      0 |      0 |   1 |   31.0 |
        Bailey |    575 |    575 |      0 |      0 |    343 |   1 |  575.0 |
               +--------+--------+--------+--------+--------+-----+--------+

Top non-repeatable levels by time:
     D:4: 1351 daAuts
     D:3: 1145 daAuts
     D:1: 668 daAuts
     D:2: 594 daAuts
  Bailey: 575 daAuts
     D:7: 460 daAuts
     D:8: 179 daAuts
  Temple: 31 daAuts
